 Dungeon Crawl Stone Soup version 0.30.1-1-g62c8e00024 (webtiles) character file.

Game seed: 4288923168192702633

95 spardeous the Ducker (level 4, 0/37 HPs)
             Began as a Minotaur Earth Elementalist on July 18, 2023.
             Slain by Pargi (3 damage)
             ... on level 4 of the Dungeon.
             The game lasted 00:02:43 (1835 turns).

spardeous the Ducker (Minotaur Earth Elementalist)  Turns: 1835, Time: 00:02:44

Health: 0/37       AC:  2    Str: 12    XL:     4   Next: 39%
Magic:  5/5        EV: 12    Int: 14    God:
Gold:   153        SH:  0    Dex: 11    Spells: 4/5 levels left

rFire   . . .        f - +2 short sword (venom)
rCold   . . .        (no shield)
rNeg    . . .        a - +0 robe
rPois   +            (helmet restricted)
rElec   .            (no cloak)
rCorr   .            (no gloves)
SInv    .            (no boots)
Will    .....        (no amulet)
Stlth   ++           d - ring of poison resistance
HPRegen 0.26/turn    (no ring)
MPRegen 0.09/turn

%: no passive effects
@: no status effects
A: horns 2, retaliatory headbutt
a: no special abilities


You were on level 4 of the Dungeon.
You visited 1 branch of the dungeon, and saw 4 of its levels.

You collected 153 gold pieces.

Inventory:

Hand Weapons
 f - a +2 short sword of venom (weapon)
Armour
 a - a +0 robe (worn)
Jewellery
 d - a ring of poison resistance (left hand)
 i - a ring of ice
Scrolls
 c - 4 scrolls of identify {unknown}
 e - a scroll of vulnerability {unknown}
 g - a scroll of teleportation {unknown}
 l - a scroll of fear {unknown}
 n - a scroll of noise {unknown}
 o - a scroll of amnesia {unknown}
 p - a scroll of enchant weapon {unknown}
Potions
 b - 3 potions of magic
 h - 3 potions of curing
 j - a potion of might {unknown}
 k - 2 potions of mutation {unknown}
 m - a potion of flight {unknown}


   Skills:
 + Level 2.6 Fighting
 + Level 3.4 Dodging
 - Level 1.5 Stealth
 + Level 2.4 Unarmed Combat
 - Level 1.3 Spellcasting
 - Level 0.7 Transmutations
 - Level 2.4 Earth Magic


You had 4 spell levels left.
You knew the following spells:

 Your Spells              Type           Power      Damage    Failure   Level
a - Sandblast             Erth           14%        2d6       10%         1

Your spell library contained the following spells:

 Spells                   Type           Power      Damage    Failure   Level
 Passwall                 Tmut/Erth      4%         N/A       21%         2
 Stone Arrow              Conj/Erth      8%         3d7       43%         3
 Summon Guardian Golem    Hex/Summ       0%         N/A       58%         3
 Petrify                  Tmut/Erth      5%         N/A       80%         4
 Orb of Destruction       Conj           0%         9d5       100%        7
 Spellforged Servitor     Conj/Summ      0%         N/A       100%        7


Dungeon Overview and Level Annotations

Branches:
Dungeon (4/15)
 Temple: D:4-7

Altars:

Shops:
D:3 !

Annotations:
D:3 3 runed translucent doors, bahustanut's ghost, amateur FoFi
D:4 Edmund; Pargi


Innate Abilities, Weirdness & Mutations

You have a pair of horns on your head.
You reflexively headbutt those who attack you in melee.


Message History

It was a potion of curing.
You feel better. Pargi misses you. You furiously retaliate!
You headbutt Pargi! Pargi claws you. Pargi closely misses you.
A worm comes into view.
Pargi attacks as you move away! Pargi barely misses you. Pargi claws you.
Pargi claws you but does no damage. Pargi attacks as you move away!
Pargi closely misses you. Pargi barely misses you. Pargi claws you.
You hit Pargi.
Pargi is moderately wounded.
Pargi barely misses you. Pargi claws you.
* * * LOW HITPOINT WARNING * * *
Pargi completely misses you.
You hit Pargi.
Pargi is poisoned.
Pargi is moderately wounded.
Pargi bites you.
* * * LOW HITPOINT WARNING * * *
Pargi barely misses you. Pargi closely misses you.
Pargi attacks as you move away! Pargi closely misses you.
You furiously retaliate!
You headbutt Pargi! Pargi claws you.
* * * LOW HITPOINT WARNING * * *
Pargi claws you.
* * * LOW HITPOINT WARNING * * *
You feel better. Pargi bites you but does no damage. Pargi barely misses you.
Pargi claws you.
* * * LOW HITPOINT WARNING * * *
Pargi attacks as you move away! Pargi closely misses you. x3
You closely miss Pargi.
Pargi is heavily wounded.
Pargi barely misses you. You furiously retaliate!
You headbutt Pargi! Pargi claws you.
* * * LOW HITPOINT WARNING * * *
Pargi claws you.
* * * LOW HITPOINT WARNING * * *
Pargi attacks as you move away! Pargi bites you.
* * * LOW HITPOINT WARNING * * *
Pargi claws you but does no damage. Pargi claws you.
* * * LOW HITPOINT WARNING * * *
Pargi attacks as you move away! Pargi bites you.
You die...

## .# #.# .# #.# .# ######
#.###.## #.. ..##
##.....###.
#.####.###.##.......
#.##....#.###..####.
...#####S##..†..## #..#
.........T@.....# #..#
..####.###.....####..####.
#.# #...<........$... #S#
###.######....###
#w#####.# ####.# #....@..#
.# ..................# .#
######.########.... #.#
###


You could see Pargi (very poisoned) and a ball python.

Vanquished Creatures
  Natasha (D:2)
  2 adders
  2 worms (D:3)
  A dart slug (D:2)
  5 ball pythons
  4 bats
  4 endoplasms
  2 goblins
  5 hobgoblins
  3 jackals
  2 quokkas
  2 frilled lizards
  3 kobolds
  7 rats
43 creatures vanquished.

Notes
Turn   | Place    | Note
-------+----------+-------------------------------------------
     0 | D:1      | spardeous the Minotaur Earth Elementalist began the quest
                  | for the Orb.
     0 | D:1      | Reached XP level 1. HP: 14/14 MP: 1/1
   440 | D:1      | Reached skill level 1 in Fighting
   440 | D:1      | Reached XP level 2. HP: 18/23 MP: 3/3
   444 | D:1      | Reached skill level 1 in Unarmed Combat
   487 | D:1      | Found a faded altar of an unknown god.
   588 | D:2      | Noticed Natasha
   591 | D:2      | Killed Natasha
   592 | D:2      | Reached XP level 3. HP: 24/29 MP: 4/4
   613 | D:2      | Reached skill level 3 in Dodging
  1354 | D:3      | Found a runed translucent gate.
  1354 | D:3      | Found a runed translucent gate.
  1354 | D:3      | Found a runed translucent gate.
  1358 | D:3      | Noticed bahustanut's ghost (amateur FoFi)
  1379 | D:3      | Identified the +2 pair of gloves of Marbles {Int+3}
  1580 | D:3      | Reached XP level 4. HP: 37/37 MP: 5/5
  1625 | D:3      | Found Udwiamih's Distillery.
  1788 | D:4      | Noticed Pargi
  1794 | D:4      | Noticed Edmund
  1835 | D:4      | Slain by Pargi

Illustrated notes

Levels and vault maps discovered:
D:1:      minmay_arrival_cross, layout_rooms, dreamdust_ecumenical_altar_grove,
          solitary_fountain, chequers_serial_rivers_large_b
D:2:      cheibrodos_old_hovel, layout_loops_ring, serial_shops,
          nicolae_shop_real_fake_doors, nrook_mini_vaults,
          minmay_fractal_squares_gapless_5, uniq_crazy_yiuf_cottage,
          uniq_natasha
D:3:      layout_loops_ring, lightli_temple_of_fire, gammafunk_ghost_split,
          serial_shops, nicolae_shop_waterfront, minmay_box_of_dots
D:4:      minmay_diamond_boxcup, layout_loops_ring,
          worldfamousw_hep_ancestral_shrine, nicolae_inconvenience_store,
          uniq_edmund, uniq_robin, uniq_pargi

Skill      XL: |  1  2  3 |
---------------+----------+-----
Fighting       | 1 2 |  2.6
Unarmed Combat | 1 2 |  2.4
Dodging        | 3 |  3.4
Stealth        | |  1.5
Spellcasting   | |  1.3
Transmutations | |  0.7
Earth Magic    | |  2.4

Action                     |  1- 3 |  4- 6 || total
---------------------------+-------+-------++-------
  Melee: Unarmed           |    16 |       ||    16
         Short sword       |    59 |    27 ||    86
         Headbutt          |    13 |     1 ||    14
         Punch             |     2 |       ||     2
   Cast: Sandblast         |     4 |       ||     4
    Use: Potion            |       |     2 ||     2
   Stab: Sleeping          |     2 |     1 ||     3
 Armour: Robe              |    13 |     8 ||    21
  Dodge: Dodged            |    33 |    47 ||    80
